 Dungeon Crawl Stone Soup version 0.22-a0-803-gd6d8abe (webtiles) character file.

51 iamserjio the Chiller (level 3, 0/19 HPs)
             Began as a Deep Elf Ice Elementalist on July 22, 2018.
             Slain by a phantom (10 damage)
             ... on level 2 of the Dungeon.
             The game lasted 00:04:06 (697 turns).

iamserjio the Chiller (Deep Elf Ice Elementalist)    Turns: 697, Time: 00:04:07

Health: 0/19       AC:  4    Str:  5    XL:     3   Next: 57%
Magic:  5/10       EV: 13    Int: 20    God:
Gold:   88         SH:  0    Dex: 15    Spells: 8/9 levels left

rFire    . . .     SeeInvis .   l - +1 hunting sling (flame)
rCold    . . .     Gourm    .   (no shield)
rNeg     . . .     Faith    .   a - +0 robe
rPois    .         Spirit   .   (no helmet)
rElec    .         Reflect  .   j - +1 cloak
rCorr    .         Harm     .   (no gloves)
MR       .....                  (no boots)
Stlth    ++........             (no amulet)
HPRegen  0.06/turn              (no ring)
MPRegen  0.12/turn              (no ring)

@: about to teleport
A: no striking features
a: no special abilities


You were on level 2 of the Dungeon.
You were not hungry.

You visited 1 branch of the dungeon, and saw 2 of its levels.

You collected 88 gold pieces.

Inventory:

Hand Weapons
 b - a -2 club
 l - a +1 hunting sling of flaming (weapon)
Missiles
 m - 24 stones (quivered)
Armour
 a - a +0 robe (worn)
 j - a +1 cloak (worn)
Scrolls
 d - a scroll of magic mapping {unknown}
 e - 2 scrolls of teleportation
 f - a scroll of remove curse {@r2}
 h - a scroll of identify {unknown}
 i - 3 scrolls of amnesia {unknown}
Potions
 g - 2 potions of curing {unknown}
Comestibles
 c - 4 rations
 k - a chunk of flesh


   Skills:
 + Level 3.1 Dodging
 - Level 2.4 Stealth
 + Level 3.7 Spellcasting
   Level 1.1 Conjurations
 * Level 4.3 Ice Magic


You had 8 spell levels left.
You knew the following spells:

 Your Spells              Type           Power        Failure   Level  Hunger
a - Freeze                Ice            ###.         2%          1    None

Your spell library contained the following spells:

 Spells                   Type           Power        Failure   Level  Hunger
 Throw Frost              Conj/Ice       ##....       7%          2    ##.....
 Summon Ice Beast         Ice/Summ       ##......     47%         4    ####...
 Ozocubu's Armour         Chrm/Ice       ##......     16%         3    ###....
 Throw Icicle             Conj/Ice       ##......     41%         4    ####...


Dungeon Overview and Level Annotations

Branches:
Dungeon (2/15)

Altars:
Okawaru


Message History

An adder and a rat come into view.
The phantom blinks!
Found a small amethyst amulet.
You can't unwield your weapon to draw a new one!
Okay, then.
As you read the scroll labeled ROJ SIZ IZARR, it crumbles to dust.
You feel strangely unstable.
It was a scroll of teleportation.
As you read the scroll labeled ZECZIQ BUCAO, it crumbles to dust.
You feel as if something is helping you.
It was a scroll of remove curse.
Wield which item (- for none, * to show all)? (? for menu, Esc to quit)
Your +1 hunting sling of flaming bursts into flame!
l - a +1 hunting sling of flaming (weapon)
Firing (i - inventory)
m - 25 stones (quivered)
Press: ? - help, Shift-Dir - straight line, f - phantom
Aim: a phantom You shoot a stone.
The stone closely misses the phantom.
The phantom hits you!
Ouch! That really hurt!
You die...

#.# #.# ####†# #.# #....#
#.# # ## #.#### #)#
#.#.#.# #†# #.#
######≈≈≈≈≈≈###.# #.#
....#_......'.††# #.#
######≈≈≈≈≈≈###.#######.#
##.#.#. #.@.......# # ##
#W######### #### #(#
#######...
#.#######..........
#.........######.##
##W..##### #.# #......
#.# .$....## #.# ......#
#.##


You could see a phantom.

Vanquished Creatures
  A gnoll (D:2)
  A leopard gecko (D:1)
  2 orcs (D:2)
  3 bats
  A giant cockroach (D:1)
  4 goblins
  7 hobgoblins
  4 jackals (D:1)
  A frilled lizard (D:1)
  4 kobolds
  4 rats (D:1)
32 creatures vanquished.

Notes
Turn   | Place    | Note
-------+----------+-------------------------------------------
     0 | D:1      | iamserjio the Deep Elf Ice Elementalist began the quest for the Orb.
     0 | D:1      | Reached XP level 1. HP: 10/10 MP: 6/6
   221 | D:1      | Reached XP level 2. HP: 12/15 MP: 6/8
   373 | D:1      | Reached skill level 4 in Ice Magic
   463 | D:2      | Reached XP level 3. HP: 19/19 MP: 7/10
   619 | D:2      | Found an iron altar of Okawaru.
   686 | D:2      | Noticed a phantom
   697 | D:2      | Slain by a phantom

Vault maps used:
D:1:      dpeg_arrival_short_road, minmay_misc_feat_columns
D:2:      okawaru_altar_gauntlet_db, uniq_terence

Skill      XL: |  1  2 |
---------------+-------+-----
Dodging        | 3 |  3.1
Ice Magic      | 4 |  4.3
Stealth        | |  2.4
Spellcasting   | |  3.7
Conjurations   | |  1.1

Action                   || total
-------------------------++-------
Melee: Club              ||    11
 Fire: Hunting sling     ||     1
 Cast: Freeze            ||    44
  Use: Scroll            ||     2
 Stab: Sleeping          ||     1
Armor: Robe              ||     9
Dodge: Dodged            ||    45

Table legend:
 A = Spawn XP
 B = Non-spawn XP
 C = Spawn XP percentage of total XP
 D = Spawn monster count
 E = Non-spawn monster count
 F = Spawn count percentage of total count
 G = Total turns spent on level
                    A         B        C        D         E        F      G
               +---------+---------+-------+---------+---------+-------+---------
         Total |       0 |      73 |   0.0 |       0 |      32 |   0.0 |   697
               +---------+---------+-------+---------+---------+-------+---------
           D:1 |       0 |      37 |   0.0 |       0 |      21 |   0.0 |   398
           D:2 |       0 |      36 |   0.0 |       0 |      11 |   0.0 |   299
               +---------+---------+-------+---------+---------+-------+---------
